[Event "*** Titled Tuesday Blitz"]
[Site "Chess.com"]
[Date "2018.04.03"]
[Round "1"]
[White "nicegg"]
[Black "HaryKane"]
[Result "0-1"]
[WhiteElo "1890"]
[BlackElo "2434"]
[TimeControl "180+2"]
[EndTime "13:02:21 PDT"]
[Termination "HaryKane won by checkmate"]

1. e4 e6 2. d4 d5 3. Nc3 Bb4 4. e5 c5 5. a3 Bxc3+ 6. bxc3 Ne7 7. Bd3 Nbc6 8. Qg4 Qc7 9. Bb2 Bd7 10. Qxg7 O-O-O 11. Qxf7 Rdf8 12. Qh5 cxd4 13. cxd4 Qa5+ 14. Kd1 Rxf2 15.
Nf3 Rf8 16. Rf1 R8xf3 17. gxf3 Qd2# 0-1

[Event "*** Titled Tuesday Blitz"]
[Site "Chess.com"]
[Date "2018.04.03"]
[Round "1"]
[White "pulvettd"]
[Black "lolo9292"]
[Result "1-0"]
[WhiteElo "2427"]
[BlackElo "1762"]
[TimeControl "180+2"]
[EndTime "13:03:08 PDT"]
[Termination "pulvettd won by resignation"]

1. d4 Nf6 2. c4 e6 3. Nf3 Bb4+ 4. Nbd2 O-O 5. a3 Be7 6. Qc2 d5 7. e4 dxe4 8. Nxe4 Nxe4 9. Qxe4 f5 10. Qc2 c5 11. dxc5 Bxc5 12. b4 Be7 13. Bb2 Bf6 14.
Rd1 Nd7 15. c5 Bxb2 16. Qxb2 Qc7 17. Bc4 Kh8 18. O-O e5 19. Rd6 e4 20. Ng5 Nf6 21.
Qe5 h6 22. Rxf6 gxf6 23. Qxc7 1-0

[Event "*** Titled Tuesday Blitz"]
[Site "Chess.com"]
[Date "2018.04.03"]
[Round "1"]
[White "ZEN-22"]
[Black "vsuri97"]
[Result "0-1"]
[WhiteElo "2305"]
[BlackElo "2648"]
[TimeControl "180+2"]
[EndTime "13:03:16 PDT"]
[Termination "vsuri97 won by resignation"]

1. e3 e5 2. Ne2 Nf6 3. d4 exd4 4. Nxd4 d5 5. c4 Be7 6. Nc3 O-O 7. Bd2 c5 8. Nf3 d4 9. exd4 cxd4 10. Nb5 Nc6 11. Bd3 a6 12. Na3 Bxa3 13. bxa3 Re8+ 14. Kf1 Bg4 15. h3 Bxf3 16. Qxf3 Ne5 17. Qg3 Nh5 18. Bxh7+ Kxh7 19. Qb3 Qd7 20. g4 Nf6 21. Re1 Qc6 22.
f3 Nxf3 23. Rxe8 Nxd2+ 0-1

[Event "*** Titled Tuesday Blitz"]
[Site "Chess.com"]
[Date "2018.04.03"]
[Round "1"]
[White "MITerryble"]
[Black "Cecile-Haussernot"]
[Result "1-0"]
[WhiteElo "2649"]
[BlackElo "2311"]
[TimeControl "180+2"]
[EndTime "13:03:42 PDT"]
[Termination "MITerryble won by resignation"]

1. d4 Nf6 2. Nf3 e6 3. c4 c5 4. g3 cxd4 5. Nxd4 Nc6 6. Bg2 Be7 7. O-O O-O 8. Nc3 a6 9. Bf4 Nxd4 10. Qxd4 Qa5 11. a3 Bc5 12. Qd3 Ba7 13. b4 Qh5 14. c5 e5 15. Bd2 d6 16. cxd6 Ng4 17. h3 Nf6 18. g4 Qh4 19. Ne4 Rd8 20. Bg5 1-0

[Event "*** Titled Tuesday Blitz"]
[Site "Chess.com"]
[Date "2018.04.03"]
[Round "1"]
[White "fancyknightmaneuvers"]
[Black "RandomOracle"]
[Result "1-0"]
[WhiteElo "2524"]
[BlackElo "2157"]
[TimeControl "180+2"]
[EndTime "13:03:50 PDT"]
[Termination "fancyknightmaneuvers won by resignation"]

1. e4 c6 2. d4 d5 3. e5 Bf5 4. h4 Qb6 5. g4 Bd7 6. c4 Nh6 7. f3 c5 8. dxc5 Qxc5 9. cxd5 Na6 10. Nc3 b5 11. a3 Nc7 12. Qd3 Rd8 13. Be3 Qc4 14. Qd1 Nxd5 15. Bxc4 Nxe3 16. Nd5 Rc8 17. Nxe3 bxc4 18. Ne2 e6 19. Rc1 Bc5 20. Nxc4 1-0

[Event "*** Titled Tuesday Blitz"]
[Site "Chess.com"]
[Date "2018.04.03"]
[Round "1"]
[White "chegueps"]
[Black "ahmadzada13"]
[Result "0-1"]
[WhiteElo "2252"]
[BlackElo "2588"]
[TimeControl "180+2"]
[EndTime "13:03:52 PDT"]
[Termination "ahmadzada13 won by resignation"]

1. e4 c5 2. Nf3 e6 3. d4 cxd4 4. Nxd4 d6 5. Nc3 Nc6 6. Nxc6 bxc6 7. Bd3 Nf6 8. Qe2 Be7 9. O-O O-O 10. Kh1 d5 11. Bd2 Nd7 12. f4 Nc5 13. f5 Nxd3 14. cxd3 exf5 15. exf5 Bf6 16. Rae1 Ba6 17. Rf3 Re8 18.
Qf2 Qb6 19. Qxb6 axb6 20. g4 Bb7 21. a3 Bxc3 22. Bxc3 d4 23. Bd2 c5 24. Kg2 Rxe1 25. Bxe1 Re8 26. Bf2 0-1

[Event "*** Titled Tuesday Blitz"]
[Site "Chess.com"]
[Date "2018.04.03"]
[Round "1"]
[White "ruvat"]
[Black "Kimster98"]
[Result "0-1"]
[WhiteElo "2270"]
[BlackElo "2607"]
[TimeControl "180+2"]
[EndTime "13:04:04 PDT"]
[Termination "Kimster98 won by resignation"]

1. d4 Nf6 2. c4 e6 3. g3 c5 4.
d5 exd5 5. cxd5 d6 6. Nc3 g6 7. Bg2 Bg7 8. Nf3 O-O 9. O-O Re8 10. Bf4 Ne4 11. Nxe4 Rxe4 12. Nd2 Rxf4 13. gxf4 Bxb2 14.
Rb1 Bg7 15. e3 Nd7 16. f5 Qh4 17. fxg6 hxg6 18. f4 b5 19. Rf3 Nb6 20. Ne4 Qe7 21. Rg3 b4 22. Qe2 Bf5 0-1

[Event "*** Titled Tuesday Blitz"]
[Site "Chess.com"]
[Date "2018.04.03"]
[Round "1"]
[White "2L8IWUN"]
[Black "Koksik_13"]
[Result "0-1"]
[WhiteElo "2094"]
[BlackElo "2476"]
[TimeControl "180+2"]
[EndTime "13:04:16 PDT"]
[Termination "Koksik_13 won by resignation"]

1. d4 e6 2. c4 d5 3. Nf3 Nf6 4. Nc3 a6 5. cxd5 exd5 6. Bf4 c6 7. e3 Nbd7 8. h3 Be7 9. Bd3 O-O 10. O-O Re8 11.
Ne5 Nf8 12. a3 Ng6 13. Nxg6 hxg6 14. b4 Bf5 15. Bxf5 gxf5 16. Qd3 Ne4 17. Nxe4 fxe4 18. Qd2 Bd6 19. Bxd6 Qxd6 20. Qc2 Re6 21. Qc5 Qd7 22. a4 Rg6 23. Kh1 Re8 24. b5 Ree6 25. bxa6 bxa6 26.
Rab1 Kh7 27. Rb8 Rxg2 28. Kxg2 Rg6+ 29. Kh2 Rh6 30. Rh8+ Kxh8 0-1

[Event "*** Titled Tuesday Blitz"]
[Site "Chess.com"]
[Date "2018.04.03"]
[Round "1"]
[White "ChessQueen"]
[Black "spidernv"]
[Result "1/2-1/2"]
[WhiteElo "2648"]
[BlackElo "2352"]
[TimeControl "180+2"]
[EndTime "13:04:18 PDT"]
[Termination "Game drawn by agreement"]

1. Nf3 Nf6 2. g3 c6 3. Bg2 d5 4. O-O Bf5 5. d3 Nbd7 6. Nbd2 e6 7. Re1 Bg6 8. e4 dxe4 9. dxe4 Be7 10. Qe2 O-O 11. b3 Bh5 12. Bb2 Qa5 13. h3 Rad8 14. g4 Bg6 15. Nc4 Qc7 16. Nfe5 Nxe5 17. Nxe5 Nd7 18. Nxg6 hxg6 19. Rad1 e5 20. Bf1 Nc5 21.
Qf3 Ne6 22. Bc4 Nf4 23. Bc1 g5 24. Bxf4 gxf4 25. Rxd8 Rxd8 26. Rd1 Rxd1+ 27. Qxd1 Qd6 28. Qxd6 Bxd6 29. Kf1 Kf8 30. a4 Ke7 31. h4 f6 32.
Ke2 Bc5 33. Kf3 Kd6 34. g5 fxg5 35. hxg5 Ke7 36. Kg2 g6 37. f3 Kf8 38. Kh3 Kg7 39.
Kg4 Bf2 40. Be6 b6 41. Bd7 c5 42. Bb5 Be1 43. Bc4 Bc3 44. Bd5 1/2-1/2

[Event "*** Titled Tuesday Blitz"]
[Site "Chess.com"]
[Date "2018.04.03"]
[Round "1"]
[White "FearNoEvil12"]
[Black "Muracle"]
[Result "0-1"]
[WhiteElo "1982"]
[BlackElo "2455"]
[TimeControl "180+2"]
[EndTime "13:04:23 PDT"]
[Termination "Muracle won by resignation"]

1. e4 g6 2. Nc3 Bg7 3. f4 c6 4.
Nf3 d5 5. e5 Nh6 6. d4 O-O 7. h3 c5 8. Be3 Nf5 9. Bf2 cxd4 10.
Nxd4 Nc6 11. Nxf5 Bxf5 12. Bd3 d4 13. Ne2 Bxd3 14. Qxd3 Nb4 15. Qd2 a5 16. a3 Nxc2+ 17. Qxc2 d3 18. Qd2 dxe2 19. Qxd8 Rfxd8 20. Kxe2 f6 21. exf6 Bxf6 22. Rab1 Rac8 23. b4 Rc2+ 24. Kf1 a4 25. Be1 Rd3 26. Kg1 Rxa3 27. Kh2 Rb3 28. Rd1 a3 0-1

[Event "*** Titled Tuesday Blitz"]
[Site "Chess.com"]
[Date "2018.04.03"]
[Round "1"]
[White "thegreatauk"]
[Black "Zufi1811"]
[Result "0-1"]
[WhiteElo "1923"]
[BlackElo "2438"]
[TimeControl "180+2"]
[EndTime "13:04:23 PDT"]
[Termination "Zufi1811 won by checkmate"]

1. d4 Nf6 2. Bf4 d5 3. e3 e6 4. Nd2 Bd6 5. Bg3 c5 6. c3 Qc7 7. Ngf3 Nbd7 8. Bd3 O-O 9. Bb1 e5 10. dxe5 Nxe5 11. Nxe5 Bxe5 12. Bxe5 Qxe5 13. Nf3 Qe7 14. Qd3 h6 15. Bc2 b6 16. O-O-O Bb7 17. g4 Ne4 18. Qf1 a5 19. Bxe4 dxe4 20. Nd2 a4 21. h4 Rfd8 22.
g5 h5 23. g6 fxg6 24. Qg2 Kh7 25. Rdg1 Rd6 26. Nc4 Rf6 27. Qg5 Qe6 28. Ne5 Qxa2 29. Nxg6 Qa1+ 30. Kc2 Rxf2# 0-1

[Event "*** Titled Tuesday Blitz"]
[Site "Chess.com"]
[Date "2018.04.03"]
[Round "1"]
[White "DanielNaroditsky"]
[Black "Doraemon7"]
[Result "1-0"]
[WhiteElo "2898"]
[BlackElo "2421"]
[TimeControl "180+2"]
[EndTime "13:04:29 PDT"]
[Termination "DanielNaroditsky won by resignation"]

1. Nf3 d5 2. c4 c6 3. e3 Nf6 4.
Nc3 e6 5. Qc2 Nbd7 6. b3 g6 7.
Bb2 Bg7 8. Be2 O-O 9. O-O b6 10. d4 Bb7 11. b4 Rc8 12. c5 Re8 13. a4 e5 14. dxe5 Nxe5 15. Nxe5 Rxe5 16. Nb5 Re7 17.
Nxa7 Ra8 18. cxb6 Qxb6 19. Bd4 Qc7 20. Rac1 Re6 21. b5 Ne4 22. b6 Qd8 23. Bxg7 Kxg7 24. a5 h5 25. Qb2+ Kh7 26. a6 Rb8 27. axb7 Rxb7 28. Nxc6 Qxb6 29. Qxb6 Rxb6 30. Nd4 Re7 31. Rc2 Rf6 32. h4 Nd6 33. Bf3 1-0

[Event "*** Titled Tuesday Blitz"]
[Site "Chess.com"]
[Date "2018.04.03"]
[Round "1"]
[White "2Tilted"]
[Black "Noukii"]
[Result "0-1"]
[WhiteElo "2283"]
[BlackElo "2622"]
[TimeControl "180+2"]
[EndTime "13:04:36 PDT"]
[Termination "Noukii won by resignation"]

1. d4 d5 2. c4 c6 3. Nf3 Nf6 4. Nbd2 g6 5. g3 Bg7 6. Bg2 O-O 7. O-O Bf5 8. Qb3 Qb6 9. Nh4 Bg4 10. e3 Qxb3 11. axb3 Na6 12. f3 Be6 13. e4 Nb4 14. cxd5 cxd5 15. e5 Nd7 16. Ra4 a5 17. f4 Nb6 18.
Ra3 Nc2 19. f5 Bxf5 20. Nxf5 gxf5 21. Rxf5 e6 22. Rf4 Nxa3 23. bxa3 Rac8 24. Rf1 Bh6 25. Kf2 Rc2 0-1

[Event "*** Titled Tuesday Blitz"]
[Site "Chess.com"]
[Date "2018.04.03"]
[Round "1"]
[White "DrHolmes13"]
[Black "EmeseBalogh"]
[Result "1-0"]
[WhiteElo "2449"]
[BlackElo "1974"]
[TimeControl "180+2"]
[EndTime "13:04:46 PDT"]
[Termination "DrHolmes13 won by resignation"]

1. d4 d5 2. c4 c6 3. Nf3 Nf6 4. g3 Bg4 5. Ne5 Bh5 6. cxd5 Nxd5 7. Bg2 e6 8. g4 Bg6 9. e4 Nb4 10. O-O Bd6 11. Nc4 Bc7 12. f4 Qh4 13. Qb3 a5 14. a3 b5 15. Ne5 N4a6 16. f5 Bxe5 17. dxe5 exf5 18. exf5 Qxg4 19. fxg6 Qxg6 20. e6 O-O 21. exf7+ Kh8 22. Qg3 Qe6 23. Qe3 Qg6 24. Qe7 1-0

[Event "*** Titled Tuesday Blitz"]
[Site "Chess.com"]
[Date "2018.04.03"]
[Round "1"]
[White "dolynachess"]
[Black "Shant_Sargsyan"]
[Result "0-1"]
[WhiteElo "2403"]
[BlackElo "2777"]
[TimeControl "180+2"]
[EndTime "13:04:48 PDT"]
[Termination "Shant_Sargsyan won by resignation"]

1. d4 Nf6 2. c4 e6 3. g3 d5 4. Nf3 Bb4+ 5. Bd2 Be7 6. Bg2 O-O 7. Qc2 c6 8. O-O Nbd7 9. Rd1 b6 10. b3 Ba6 11. Bf4 Rc8 12. Nbd2 c5 13. dxc5 Bxc5 14. Qb2 Qe7 15. a3 Ng4 16. Rf1 e5 17. b4 Bxf2+ 18. Rxf2 exf4 19. gxf4 Qe3 0-1

[Event "*** Titled Tuesday Blitz"]
[Site "Chess.com"]
[Date "2018.04.03"]
[Round "1"]
[White "pultineviciuspaulius"]
[Black "Al_Shima"]
[Result "1-0"]
[WhiteElo "2610"]
[BlackElo "2270"]
[TimeControl "180+2"]
[EndTime "13:04:57 PDT"]
[Termination "pultineviciuspaulius won by resignation"]

1. Nf3 Nf6 2. g3 b6 3. Bg2 Bb7 4. O-O g6 5. d4 Bg7 6. c4 O-O 7. Nc3 c5 8. d5 e6 9. e4 exd5 10.
cxd5 d6 11. a4 Na6 12. h3 Nb4 13. Re1 Re8 14. Bf4 Ba6 15. e5 dxe5 16. Nxe5 Nh5 17. d6 Nxf4 18. gxf4 Rb8 19. Qb3 Rf8 20. Rad1 Bb7 21.
d7 Bxg2 22. Nxf7 Qf6 23. d8=Q Rbxd8 24. Nxd8+ Kh8 25. Kxg2 Rxd8 26. Rxd8+ Qxd8 27. Qf7 1-0

[Event "*** Titled Tuesday Blitz"]
[Site "Chess.com"]
[Date "2018.04.03"]
[Round "1"]
[White "Goala"]
[Black "amintabatabaei"]
[Result "0-1"]
[WhiteElo "2306"]
[BlackElo "2647"]
[TimeControl "180+2"]
[EndTime "13:05:00 PDT"]
[Termination "amintabatabaei won by resignation"]

1. d4 e6 2. c4 b6 3. Nc3 Bb7 4. Nf3 Nf6 5. g3 Be7 6. Bg2 Ne4 7. Qc2 Nxc3 8. Qxc3 O-O 9. O-O d6 10. Re1 Be4 11. Bh3 Nd7 12. b3 c5 13. Bb2 Bf6 14.
Qe3 Bxf3 15. exf3 cxd4 16. Bxd4 Bxd4 17. Qxd4 Qc7 18. Rad1 Ne5 19. Bg2 Rad8 20. f4 Nc6 21.
Qe4 Ne7 22. Rd2 d5 23. cxd5 Nxd5 24. Red1 Nc3 25. Qc2 Ne2+ 26. Rxe2 Qxc2 27. Rxc2 Rxd1+ 28. Bf1 Rfd8 29. Kg2 R1d2 0-1

[Event "*** Titled Tuesday Blitz"]
[Site "Chess.com"]
[Date "2018.04.03"]
[Round "1"]
[White "x-3738459472"]
[Black "codapbg94"]
[Result "1-0"]
[WhiteElo "2468"]
[BlackElo "2049"]
[TimeControl "180+2"]
[EndTime "13:05:11 PDT"]
[Termination "x-3738459472 won by resignation"]

1. e4 c5 2. Nc3 d6 3. Nf3 Nf6 4. d4 cxd4 5. Nxd4 a6 6. Rg1 e5 7.
Nb3 Be6 8. g4 d5 9. exd5 Nxd5 10. Nxd5 Qxd5 11. Qxd5 Bxd5 12. Be3 Nc6 13. O-O-O O-O-O 14.
Bb6 Rd7 15. g5 Be7 16. Bh3 Be6 17. Bxe6 fxe6 18. Rxd7 Kxd7 19. g6 h6 20. Be3 Rf8 21. c3 Kc7 22. Nd2 Rf5 23. Bxh6 Bf6 24. Be3 Rh5 25. Ne4 Be7 26. Rg2 Na5 27. b3 b6 28.
Kd1 Nb7 29. Ke2 Nc5 30. Bxc5 bxc5 31. Nd2 Kc6 32. Nf1 Rh3 33. Rg3 Rh5 34. Ne3 Rxh2 35. Rf3 Bf6 36. Rxf6 1-0

[Event "*** Titled Tuesday Blitz"]
[Site "Chess.com"]
[Date "2018.04.03"]
[Round "1"]
[White "Generalas"]
[Black "TregubovP"]
[Result "1-0"]
[WhiteElo "2169"]
[BlackElo "2466"]
[TimeControl "180+2"]
[EndTime "13:05:12 PDT"]
[Termination "Generalas won by resignation"]

1. e4 c5 2. c3 d6 3. d4 Nf6 4.
f3 g6 5. dxc5 Bg7 6. cxd6 exd6 7. Bf4 O-O 8. Bxd6 Re8 9. Bxb8 Qb6 10. Bg3 Qxb2 11. Nd2 Nxe4 12. fxe4 Bxc3 13. Rc1 Rxe4+ 14. Be2 Bg4 15. Rc2 Qb4 16. Kf1 Rd4 17. Bxg4 Bxd2 18. Nf3 Qb5+ 19. Kf2 Be3+ 20. Kxe3 Rxd1 21. Rxd1 Qa4 22.
Nd4 Re8+ 23. Kf2 Re4 24. Bf3 Rxd4 25. Rc8+ 1-0

[Event "*** Titled Tuesday Blitz"]
[Site "Chess.com"]
[Date "2018.04.03"]
[Round "1"]
[White "nOcHeaTiNgKiD"]
[Black "Bigfish1995"]
[Result "0-1"]
[WhiteElo "2399"]
[BlackElo "2769"]
[TimeControl "180+2"]
[EndTime "13:05:21 PDT"]
[Termination "Bigfish1995 won by resignation"]

1. d4 Nf6 2. Nf3 e6 3. Bf4 b6 4.
e3 Bb7 5. Nbd2 Be7 6. h3 c5 7. c3 O-O 8. Bd3 d5 9. O-O Nbd7 10. a4 a6 11. Qe2 g6 12. Bh6 Re8 13.
e4 cxd4 14. Nxd4 e5 15. N4f3 Nc5 16. Bc2 dxe4 17. Ng5 Nd5 18. Ngxe4 Nf4 19. Qe3 Nxe4 20. Nxe4 f5 21. Bb3+ Kh8 22. Ng3 Bc5 23. Nxf5 gxf5 0-1

[Event "*** Titled Tuesday Blitz"]
[Site "Chess.com"]
[Date "2018.04.03"]
[Round "1"]
[White "lucasran"]
[Black "AkshatChandra"]
[Result "0-1"]
[WhiteElo "2404"]
[BlackElo "2803"]
[TimeControl "180+2"]
[EndTime "13:05:25 PDT"]
[Termination "AkshatChandra won by resignation"]

1. Nf3 Nf6 2. c4 e6 3. g3 d5 4. b3 d4 5. Bb2 c5 6. e3 Nc6 7. exd4 cxd4 8. Bg2 e5 9. O-O Be7 10.
Re1 Nd7 11. d3 O-O 12. Na3 Re8 13. Nc2 f6 14. a3 a5 15. Rb1 Nc5 16. b4 axb4 17.
axb4 Na4 18. Nh4 Nxb4 19. Nxb4 Bxb4 20. Bd5+ Be6 21. Bxb7 Bxe1 22. Bxa8 Bxf2+ 23. Kxf2 Qxa8 24. Ba1 Nc5 25. Rb5 Qa2+ 26. Kg1 Nxd3 27. Qxd3 Qxa1+ 28. Kg2 Qa2+ 0-1

[Event "*** Titled Tuesday Blitz"]
[Site "Chess.com"]
[Date "2018.04.03"]
[Round "1"]
[White "chorejason"]
[Black "amatatanav"]
[Result "0-1"]
[WhiteElo "2072"]
[BlackElo "2476"]
[TimeControl "180+2"]
[EndTime "13:05:27 PDT"]
[Termination "amatatanav won by resignation"]

1. e4 c5 2. d4 cxd4 3. Nf3 Nc6 4.
Nxd4 g6 5. Nc3 Bg7 6. Be3 Nf6 7.
Bc4 O-O 8. Bb3 a5 9. O-O a4 10. Nxa4 Nxe4 11. Nb5 d5 12. Nb6 Ra5 13. a4 d4 14. Nxc8 dxe3 15. Qxd8 Rxd8 16. Nb6 exf2+ 17. Kh1 Bxb2 18. Rab1 Nd2 19. Bxf7+ Kxf7 20. Rxf2+ Bf6 21. Rg1 Ne4 22. Rff1 Nd4 23. Nc4 Rxa4 24. Ne5+ Kg7 25. Nd3 Ne2 26. Ra1 0-1

[Event "*** Titled Tuesday Blitz"]
[Site "Chess.com"]
[Date "2018.04.03"]
[Round "1"]
[White "Zhuu96"]
[Black "Kangoroo3000"]
[Result "1-0"]
[WhiteElo "2765"]
[BlackElo "2393"]
[TimeControl "180+2"]
[EndTime "13:05:39 PDT"]
[Termination "Zhuu96 won by resignation"]

1. d3 Nf6 2. Nd2 e6 3. g3 d5 4. Bg2 Nc6 5. Ngf3 e5 6. O-O Bd6 7. e4 dxe4 8. dxe4 O-O 9. c3 Qe7 10. Qc2 a5 11. Nc4 Bc5 12. Be3 b6 13. Bxc5 Qxc5 14. Ne3 Ba6 15. Rfd1 Rad8 16. Nd5 Nxd5 17. exd5 Nb4 18. Qf5 Nxd5 19. Nxe5 Bb7 20. Nd7 Rxd7 21. Qxd7 Nf6 22. Qd4 Qxd4 23. Rxd4 Bxg2 24. Kxg2 g6 25. Rad1 Kg7 26. Rd8 Rxd8 27. Rxd8 c5 28. Rd6 b5 29. Ra6 a4 30. Ra5 Ne4 31. Rxb5 Kf6 32. f3 Nd2 33. Rxc5 Ke6 34. Ra5 Nc4 35. Rxa4 Nxb2 36. Rd4 f5 37. a4 1-0

[Event "*** Titled Tuesday Blitz"]
[Site "Chess.com"]
[Date "2018.04.03"]
[Round "1"]
[White "51616516516"]
[Black "GMHess"]
[Result "0-1"]
[WhiteElo "2133"]
[BlackElo "2490"]
[TimeControl "180+2"]
[EndTime "13:05:44 PDT"]
[Termination "GMHess won by resignation"]

1. d4 g6 2. c4 Bg7 3. Nf3 c5 4. g3 cxd4 5. Nxd4 Nc6 6. Nc2 Nf6 7. Bg2 O-O 8. O-O d6 9. Nc3 Nd7 10. e4 Bxc3 11. bxc3 Nde5 12. Ne3 Na5 13. Qe2 Be6 14. f4 Nexc4 15. f5 Nxe3 16. fxe6 Nxf1 17. Bh6 Qb6+ 18.
Kh1 fxe6 19. Bxf8 Nxg3+ 20. hxg3 Rxf8 21. Bh3 Rf6 22. Rf1 Kf7 23. e5 dxe5 24. Rd1 Qf2 25. Qxe5 Qf3+ 0-1

[Event "*** Titled Tuesday Blitz"]
[Site "Chess.com"]
[Date "2018.04.03"]
[Round "1"]
[White "Indianlad"]
[Black "Cryptochess"]
[Result "1-0"]
[WhiteElo "2771"]
[BlackElo "2402"]
[TimeControl "180+2"]
[EndTime "13:05:53 PDT"]
[Termination "Indianlad won by resignation"]

1. c4 Nf6 2. g3 e6 3. Bg2 d5 4. Nf3 dxc4 5. Qa4+ c6 6. Qxc4 b5 7. Qc2 Bb7 8. O-O Nbd7 9. d4 c5 10. Rd1 Qb6 11. a4 Rc8 12. axb5 cxd4 13. Qa4 Bc5 14.
Na3 O-O 15. Nc4 Qd8 16. Na5 Ba8 17. Nc6 Bxc6 18. bxc6 Nb6 19. Qb5 Qd6 20. b4 Bxb4 21. Rxd4 Nbd5 22. e4 e5 23. Rxd5 Nxd5 24. exd5 Bc5 25.
Qc4 Rfd8 26. Ng5 Bd4 27. Rb1 Qg6 28. Be4 f5 29. d6+ Kf8 30. Ne6+ Ke8 31. d7+ Rxd7 32. cxd7+ Kxd7 33. Rb7+ 1-0

[Event "*** Titled Tuesday Blitz"]
[Site "Chess.com"]
[Date "2018.04.03"]
[Round "1"]
[White "GM_dmitrij"]
[Black "Vice64"]
[Result "1-0"]
[WhiteElo "2696"]
[BlackElo "2361"]
[TimeControl "180+2"]
[EndTime "13:06:00 PDT"]
[Termination "GM_dmitrij won by resignation"]

1. e4 e6 2. d4 d6 3. Nc3 a6 4. f4 b5 5. Bd3 Bb7 6. Nf3 g6 7. Be3 Bg7 8. O-O Ne7 9. f5 exf5 10.
exf5 Nd7 11. Qe1 O-O 12. Qh4 gxf5 13. Bg5 f6 14. Bd2 Ng6 15. Qh5 c5 16. Bxf5 Rf7 17. Rae1 Ndf8 18. Nh4 Re7 19. Rxe7 Nxe7 20. Ne2 Bc8 21. Ng3 Bd7 22. Rf4 Be8 23. Qf3 Bc6 24. Qf2 Kh8 25. Rg4 b4 26. Nh5 Neg6 27. Bxg6 hxg6 28.
Nxg6+ Nxg6 29. Rxg6 Ra7 30. Nxf6 Bxf6 31. Rxf6 Qe7 32. Qh4+ Kg8 33. Qg5+ Kh8 34. Rh6+ Qh7 35. Qd8+ 1-0

[Event "*** Titled Tuesday Blitz"]
[Site "Chess.com"]
[Date "2018.04.03"]
[Round "1"]
[White "Princec7"]
[Black "Konavets"]
[Result "0-1"]
[WhiteElo "2394"]
[BlackElo "2765"]
[TimeControl "180+2"]
[EndTime "13:06:02 PDT"]
[Termination "Konavets won by resignation"]

1. e4 e5 2. Nf3 Nc6 3. Bb5 Nd4 4. Bc4 Nxf3+ 5. Qxf3 Nf6 6. O-O d6 7. h3 g6 8. d3 Bg7 9. Nc3 c6 10. a4 a5 11. Qe2 O-O 12. Bb3 Qe7 13. Be3 Be6 14.
Bxe6 Qxe6 15. Rad1 d5 16. exd5 Nxd5 17. Bc5 Rfd8 18. d4 Nf4 19. Qe3 exd4 20. Bxd4 Bxd4 21.
Rxd4 Qxe3 22. fxe3 Ne6 23. Rxd8+ Rxd8 24. Rd1 Rxd1+ 25.
Nxd1 Kg7 26. Kf2 Kf6 27. b3 Ke5 28. Nc3 Nc5 29. Kf3 h5 30. h4 Nd7 31. g3 Nf6 32.
Ne2 Nd5 33. c3 b5 34. c4 bxc4 35. bxc4 Nb6 36. Nd4 Kd6 37. Ke4 Nxa4 38. Kd3 Nc5+ 39. Kc2 Ne4 0-1

[Event "*** Titled Tuesday Blitz"]
[Site "Chess.com"]
[Date "2018.04.03"]
[Round "1"]
[White "gkchesstiger"]
[Black "Manukyan_Artak"]
[Result "1-0"]
[WhiteElo "2756"]
[BlackElo "2387"]
[TimeControl "180+2"]
[EndTime "13:06:09 PDT"]
[Termination "gkchesstiger won by resignation"]

1. d4 Nf6 2. Nf3 e6 3. Bf4 c5 4. e3 d5 5. c3 Nc6 6. Nbd2 Be7 7. h3 O-O 8. Bd3 Bd7 9. Ne5 Re8 10. a3 a5 11. h4 Nxe5 12. dxe5 Ne4 13. Nxe4 dxe4 14.
Bxe4 Qc7 15. Qh5 g6 16. Qg4 Bc6 17. Bc2 Bf8 18. h5 Bg7 19. hxg6 hxg6 20. O-O-O Bxe5 21. Qg5 Bxf4 22. exf4 Kg7 23. Qh6+ Kf6 24. Qh4+ Kg7 25.
Qh6+ Kf6 26. Bxg6 fxg6 27. Qh4+ Kg7 28. Qh7+ Kf6 29. Qxc7 1-0

[Event "*** Titled Tuesday Blitz"]
[Site "Chess.com"]
[Date "2018.04.03"]
[Round "1"]
[White "LastHeroJr"]
[Black "lachesisQ"]
[Result "0-1"]
[WhiteElo "2422"]
[BlackElo "2902"]
[TimeControl "180+2"]
[EndTime "13:06:12 PDT"]
[Termination "lachesisQ won by resignation"]

1. e4 c5 2. Nf3 d6 3. Bb5+ Nd7 4.
O-O a6 5. Bd3 g6 6. Re1 Bg7 7.
c3 Ngf6 8. Bf1 b5 9. d4 cxd4 10. cxd4 Bb7 11. Bd3 O-O 12. Nbd2 Rc8 13. Nf1 e5 14.
Ng3 exd4 15. Nxd4 Re8 16. Bf4 Nc5 17. Bc2 Ncxe4 18. Nb3 d5 19. Be3 h5 20. Bd4 h4 21.
Nxe4 dxe4 22. h3 Qd5 23. Be3 Qxd1 24. Bxd1 Nd5 25. Bd4 Nf4 26. Bxg7 Kxg7 27. a4 b4 28. Na5 Ba8 29. Be2 Rc2 30. Bxa6 e3 31. Rxe3 Rxe3 32.
fxe3 Rxg2+ 33. Kf1 Nxh3 34. Nb3 Rxb2 35. Nd4 Ng5 36. Bc8 h3 37. Bxh3 Nxh3 38. a5 b3 39. a6 Rf2+ 40. Ke1 b2 0-1

[Event "*** Titled Tuesday Blitz"]
[Site "Chess.com"]
[Date "2018.04.03"]
[Round "1"]
[White "Rodalquilar"]
[Black "yobdc"]
[Result "1-0"]
[WhiteElo "2472"]
[BlackElo "2089"]
[TimeControl "180+2"]
[EndTime "13:06:13 PDT"]
[Termination "Rodalquilar won on time"]

1. e4 e5 2. Nf3 Nc6 3. Bb5 a6 4. Ba4 Nf6 5. d3 d6 6. c4 Be7 7. h3 O-O 8. Be3 Kh8 9. Nc3 Ng8 10. O-O f5 11. exf5 Bxf5 12. d4 exd4 13. Nxd4 Nxd4 14. Bxd4 Bf6 15. Re1 Bxd4 16. Qxd4 Nf6 17.
Rad1 b6 18. Bc6 Rb8 19. b4 Bd7 20. Bf3 Re8 21. c5 bxc5 22. bxc5 Rxe1+ 23. Rxe1 Qf8 24. c6 Bf5 25. Qa7 Qc8 26. Re7 Ne8 27. Nd5 Ra8 28.
Qe3 h6 29. Bh5 1-0

[Event "*** Titled Tuesday Blitz"]
[Site "Chess.com"]
[Date "2018.04.03"]
[Round "1"]
[White "SamCopeland"]
[Black "biostatistician"]
[Result "0-1"]
[WhiteElo "2010"]
[BlackElo "2456"]
[TimeControl "180+2"]
[EndTime "13:06:19 PDT"]
[Termination "biostatistician won by checkmate"]

1. e4 e6 2. d4 d5 3. e5 b6 4. Nf3 Ba6 5. Bxa6 Nxa6 6. c3 Qd7 7. O-O c5 8. a3 Ne7 9. Ng5 h6 10. Qh5 g6 11. Qh3 Bg7 12. Nf3 Rc8 13. Nbd2 Nc7 14. dxc5 bxc5 15. Nb3 Nc6 16. Nxc5 Qe7 17. Be3 Nxe5 18.
Nxe5 Bxe5 19. f4 Bg7 20. Nd3 Nb5 21. Rae1 d4 22. Bxd4 Nxd4 23. cxd4 Bxd4+ 24. Kh1 Bg7 25. f5 gxf5 26. Rxf5 O-O 27. Nf4 exf5 28. Rxe7 Rc1+ 29. Re1 Rxe1# 0-1

[Event "*** Titled Tuesday Blitz"]
[Site "Chess.com"]
[Date "2018.04.03"]
[Round "1"]
[White "Mykola-Bortnyk"]
[Black "djano"]
[Result "0-1"]
[WhiteElo "2699"]
[BlackElo "2415"]
[TimeControl "180+2"]
[EndTime "13:06:29 PDT"]
[Termination "djano won by checkmate"]

1. e4 c5 2. c3 d5 3. exd5 Qxd5 4. d4 g6 5. dxc5 Qxc5 6. Be3 Qc7 7. Na3 a6 8. Qb3 Bg7 9. Bc4 e6 10. Bb6 Qe7 11.
Nf3 Nf6 12. Rd1 O-O 13. Be2 Nbd7 14. Nc4 Nd5 15. Bd4 e5 16. Ncxe5 Nf4 17. Qc4 Nxe5 18. Nxe5 Bxe5 19. Bc5 Qg5 20. h4 Qxg2 21. Rf1 Be6 22. Qb4 Rfe8 23. Rd2 Rad8 24. Rxd8 Rxd8 25. Qa5 Qd5 26.
c4 Ng2# 0-1